 Dungeon Crawl Stone Soup version 0.30-a0-1035-g38d5fb2972 (webtiles) character file.

Game seed: 5306084405630068277

(classic levelgen) 21040 Amnesiac the Spry (level 12, -2/67 HPs)
             Began as a Spriggan Delver on Apr 8, 2023.
             Was an Initiate of Gozag.
             Slain by a death scarab (4 damage)
             ... in a Gauntlet.
             The game lasted 00:49:33 (13455 turns).

Amnesiac the Spry (Spriggan Delver)                Turns: 13455, Time: 00:49:34

Health: -2/67      AC:  7    Str:  8    XL:     12   Next: 50%
Magic:  17/17      EV: 31    Int: 18    God:    Gozag
Gold:   1828       SH:  0    Dex: 21    Spells: 7/17 levels left

rFire   . . .      SeeInvis +    w - +0 dagger (freeze)
rCold   . . .      Faith    .    (no shield)
rNeg    . . .      Spirit   .    b - +0 robe
rPois   .          Reflect  .    (helmet restricted)
rElec   .          Rampage  .    V - +0 cloak
rCorr   .          NoTele   +    (gloves unavailable)
Will    ++...                    (boots unavailable)
Stlth   ++++++                   (no amulet)
HPRegen 0.31/turn                z - +6 ring of intelligence
MPRegen 0.15/turn                p - +4 ring of protection

@: hasted and slowed, very quick
A: very small, no large weapons, unfitting armour, see invisible, speed 3
a: Renounce Religion, Potion Petition, Call Merchant, Bribe Branch


You were in a Gauntlet.
You worshipped Gozag.
Gozag was most pleased with you.
You visited 3 branches of the dungeon, and saw 14 of its levels.
You also visited: Bailey and Gauntlet.

You collected 2347 gold pieces.
You paid 519 gold pieces to Gozag.

Inventory:

Hand Weapons
 w - a +0 dagger of freezing (weapon)
 U - the +5 trident "Lafumo" {speed, Str+3}
   (You found it on level 11 of the Dungeon)

   Str:       It affects your strength (+3).
Missiles
 l - 2 boomerangs
 q - 18 poisoned darts
 R - a curare-tipped dart
Armour
 b - a +0 robe (worn)
 V - a +0 cloak (worn)
Magical Staves
 t - a staff of cold
 N - a staff of poison
Jewellery
 p - a +4 ring of protection (right hand)
 x - a ring of flight
 z - a +6 ring of intelligence (left hand)
 H - a ring of ice
 W - the ring of Jiwivahi {Contam rElec rCorr Str+6 Stlth+}
   (You found it in a Gauntlet)

   [ring of strength]

   Str:       It affects your strength (+6).
   rElec:     It insulates you from electricity.
   Contam:    It causes magical contamination when unequipped.
   rCorr:     It protects you from acid and corrosion.
   Stlth:     It makes you more stealthy.
Wands
 g - a wand of digging (3)
 h - a wand of polymorph (2) (quivered)
 j - a wand of charming (14)
 r - a wand of iceblast (4)
 G - a wand of flame (17)
Scrolls
 c - 4 scrolls of fog {!r}
 d - 6 scrolls of magic mapping {!r}
 e - 3 scrolls of fear {!r}
 i - 13 scrolls of identify {!r}
 o - 4 scrolls of immolation {!r, unknown}
 s - 2 scrolls of poison {!r, unknown}
 u - 5 scrolls of noise {!r, unknown}
 y - 5 scrolls of teleportation {!r, unknown}
 B - a scroll of silence {!r, unknown}
 C - 5 scrolls of enchant weapon {!r, unknown}
 F - 2 scrolls of enchant armour {!r, unknown}
 J - 2 scrolls of amnesia {!r, unknown}
 K - 4 scrolls of torment {!r, unknown}
 M - a scroll of butterflies {!r, unknown}
 P - a scroll of blinking {!r, unknown}
 Q - 4 scrolls of vulnerability {!r, unknown}
Potions
 a - a potion of resistance {!q, unknown}
 f - 6 potions of haste {!q}
 k - 2 potions of flight {!q, unknown}
 m - 5 potions of magic {!q, unknown}
 n - 7 potions of curing {!q, unknown}
 v - 3 potions of degeneration {!q, unknown}
 A - a potion of invisibility {!q}
 D - 3 potions of heal wounds {!q, unknown}
 E - 3 potions of lignification {!q, unknown}
 I - a potion of brilliance {!q, unknown}
 O - 2 potions of mutation {!q, unknown}
 S - a potion of ambrosia {!q, unknown}
 T - a potion of attraction {!q}
Miscellaneous
 L - a piece from Xom's chessboard (15/15)


   Skills:
 * Level 10.1 Fighting
 - Level 8.0 Short Blades
 - Level 2.0 Throwing
 + Level 15.7 Dodging
 - Level 15.0 Stealth
 - Level 3.0 Spellcasting
 - Level 3.0 Hexes
 - Level 3.0 Transmutations
 - Level 3.0 Earth Magic
 - Level 3.0 Evocations


You had 7 spell levels left.
You knew the following spells:

 Your Spells              Type           Power      Damage    Failure   Level
a - Slow                  Hex            52%        N/A       4%          1
b - Passwall              Tmut/Erth      10%        N/A       7%          2
e - Ensorcelled Hibernat  Hex/Ice        16%        N/A       13%         2
v - Blink                 Tloc           4%         N/A       24%         2
z - Confusing Touch       Hex            13%        N/A       14%         3

Your spell library contained the following spells:

 Spells                   Type           Power      Damage    Failure   Level
 Magic Dart               Conj           8%         1d3       16%         1
 Lesser Beckoning         Tloc           4%         N/A       24%         2
 Momentum Strike          Conj/Tloc      4%         3d8       24%         2
 Searing Ray              Conj           4%         2d4       24%         2
 Static Discharge         Conj/Air       4%         2-3/arc   24%         2
 Swiftness                Air            2%         N/A       43%         3
 Vampiric Draining        Necr           2%         2d6       43%         3
 Fulminant Prism          Conj/Hex       4%         3d5       65%         4
 Airstrike                Air            1%         2d(1-17)  85%         4
 Summon Lightning Spire   Summ/Air       2%         N/A       85%         4
 Storm Form               Tmut/Air       4%         N/A       100%        7
 Maxwell's Capacitive Co  Air            1%         ∞         100%        8


Dungeon Overview and Level Annotations

Branches:
Dungeon (12/15)            Temple (1/1) D:6            Lair (0/5) D:10
    Orc (1/2) D:11         Bailey (visited)         Gauntlet (1/1)

Altars:
Ashenzari
Cheibriados
Dithmenos
Elyvilon
Fedhas
Gozag
Hepliaklqana
Kikubaaqudgha
Makhleb
Nemelex Xobeh
Okawaru
Qazlal
Ru
Sif Muna
Trog
Uskayaw
Vehumet
Wu Jian
Xom
Yredelemnul
Zin
The Shining One

Shops:
D:3 [   D:5 =

Annotations:
Orc:1 Jorgrun Gauntlet 13 transporters


Innate Abilities, Weirdness & Mutations

You are very small and have problems with some larger weapons.
You are too small for most types of armour.
You have supernaturally acute eyesight. (SInv)
You cover ground extremely quickly. (Speed+++)


Message History

The death scarab closely misses you. The spectral black mamba bites you!
* * * LOW HITPOINT WARNING * * *
The spectral black mamba completely misses you.
The death scarab bites you!
* * * LOW HITPOINT WARNING * * *
The death scarab drains your vigour!
You feel as though you will be slow longer.
The death scarab draws strength from your injuries!
The death scarab fails to trigger a net trap.
Really walk into that dispersal trap?
The death scarab attacks as you move away!
The death scarab completely misses you.
You enter a dispersal trap!
The spectral black mamba blinks!
The death scarab blinks!
The spectral cane toad blinks!
The spectral six-headed hydra blinks!
The death scarab blinks!
The spectral cane toad blinks!
You blink.
The spectral cane toad enters a dispersal trap!
The spectral six-headed hydra blinks! x2; You blink.
Press: ? - help, v - describe, . - travel, g - get item Item here: the +1 cloak "Nuangeg" {Dex+2}.
The floor.
There is a cloud of translocational energy here.
Unknown command.
Okay, then.
Unknown command.
Okay, then.
Unknown command.
Really read
i - 14 scrolls labelled ESUMIC TOSHU {!r}?
As you read the scroll labelled ESUMIC TOSHU {!r}, it crumbles to dust.
It is a scroll of identify.
T - a potion of attraction {!q} The spectral black mamba completely misses you.
Aiming: Charm
Press: ? - help, Shift-Dir - straight line, f - spectral black mamba
Aim: a spectral black mamba (infinite will)
Okay, then.
Unknown command.
The spectral black mamba attacks as you move away!
The spectral black mamba completely misses you.
The spectral black mamba barely misses you.
The spectral cane toad enters a dispersal trap!
The spectral black mamba blinks!
The death scarab blinks!
You blink.
The spectral cane toad blinks!
Really walk into that dispersal trap?
You enter a dispersal trap!
The spectral black mamba blinks!
The death scarab blinks!
The spectral six-headed hydra blinks!
The spectral cane toad blinks!
The spectral black mamba blinks!
You blink.
The death scarab waves its antennae.
The death scarab bites you.
* * * LOW HITPOINT WARNING * * *
The death scarab drains your vigour!
You feel as though you will be slow longer.
The death scarab draws strength from your injuries!
The death scarab barely misses you.
Your magical contamination has completely faded away.
Aiming: Charm
Press: ? - help, Shift-Dir - straight line, f - death scarab
Aim: a death scarab (translocational energy, chance to affect: 23%)
The death scarab resists with almost no effort.
The death scarab bites you!
* * * LOW HITPOINT WARNING * * *
The death scarab draws strength from your injuries!
The death scarab bites you.
You die...
Your body crumbles into a pile of gold.

######################
###≈....................
#8#.....................
###.###########.########
#.#..?[§.?..#.#[.≈.W[.
###.#^#Z§..§#§#.#.≈...≈.
#8#.#§§#####Z.#.#.≈≈...≈
###.#..##^##Z.#.#W≈.≈≈≈.
#.#.B@B©....#.#W..≈.≈.
###.#§.##^##..#.#W.≈...≈
#8#.#..#####^.#.#.≈.≈≈.≈
###.#.#..Z..#.#.#.≈W.≈..
#.#........§#.#..≈≈...
###.####################
#8#.....#©...........©..
###§....#############.##
####..............#.#≈


You could see a spectral black mamba and 2 death scarabs.

Vanquished Creatures
  2 vault guards (Bailey)
  A hydra (D:10)
  4 two-headed ogres
  A death yak (D:10)
  4 boulder beetles
  3 ugly things (D:12)
  Pikel (D:8)
  A manticore (D:12)
  2 cyclopes (D:11)
  A gargoyle (D:12)
  2 komodo dragons
  2 unseen horrors
  2 hornets
  2 trolls
  Prince Ribbit (Bailey)
  5 flying skulls (Gauntlet)
  A wraith (D:11)
  2 wyverns
  A water elemental (D:12)
  10 yaks
  4 humans (Bailey)
  2 vampire mosquitoes (D:12)
  3 acid dragons
  4 water moccasins
  2 orc warriors
  3 black bears
  An ice beast (D:7)
  7 centaurs
  A kobold brigand (D:9)
  2 phantoms
  17 bullfrogs
  A gnoll sergeant (D:7)
  3 scorpions
  5 wights
  13 killer bees
  4 howler monkeys
  5 hounds
  8 orc priests
  2 sleepcaps
  6 orc wizards
  7 gnolls
  5 adders
  3 shadow imps
  2 white imps (D:6)
  2 worms (D:2)
  2 dart slugs
  36 orcs
  9 bats
  8 endoplasms
  3 giant cockroaches
  6 goblins
  7 hobgoblins
  3 jackals (D:4)
  12 kobolds
  5 quokkas
  5 ball pythons
  3 frilled lizards
  8 rats
267 creatures vanquished.

Vanquished Creatures (collateral kills)
  An orc (Orc:1)
  A ball python (D:3)
2 creatures vanquished.

Vanquished Creatures (others)
  An orc warrior (Orc:1)
  A killer bee (D:8)
  A jelly (D:3)
  5 demonic plants (Gauntlet)
  4 fungi (Gauntlet)
  33 plants
45 creatures vanquished.

Grand Total: 314 creatures vanquished

Notes
Turn   | Place    | Note
-------+----------+-------------------------------------------
     0 | D:5      | Amnesiac the Spriggan Delver began the quest for the Orb.
     0 | D:5      | Reached XP level 1. HP: 11/11 MP: 2/2
   112 | D:3      | Noticed a jelly
   223 | D:3      | Reached XP level 2. HP: 7/16 MP: 3/3
   238 | D:3      | Found Rikhloj's Armour Emporium.
   331 | D:4      | Noticed a black bear
   479 | D:4      | Reached skill level 1 in Spellcasting
   479 | D:4      | Reached XP level 3. HP: 13/19 MP: 3/5
   515 | D:4      | Reached skill level 1 in Throwing
   535 | D:4      | Reached skill level 1 in Evocations
  1003 | D:5      | Noticed a centaur
  1010 | D:5      | Killed a centaur
  1011 | D:5      | Reached XP level 4. HP: 23/23 MP: 6/6
  1015 | D:5      | Learned a level 3 spell: Confusing Touch
  1063 | D:5      | Noticed a scorpion
  1079 | D:5      | Killed a scorpion
  1080 | D:5      | Reached skill level 1 in Hexes
  1080 | D:5      | Reached XP level 5. HP: 27/27 MP: 7/7
  1141 | D:5      | Found Etael's Jewellery Emporium.
  1230 | D:5      | Noticed a water moccasin
  1230 | D:5      | Noticed a centaur
  1315 | D:5      | Reached XP level 6. HP: 32/32 MP: 8/8
  1373 | D:5      | Found a glowing golden altar of the Shining One.
  1431 | D:5      | Killed a water moccasin
  1432 | D:5      | Reached skill level 10 in Stealth
  1432 | D:5      | Reached XP level 7. HP: 35/35 MP: 9/9
  2061 | D:5      | Reached skill level 5 in Dodging
  2380 | D:6      | Learned a level 1 spell: Slow
  2574 | D:6      | Found a staircase to the Ecumenical Temple.
  2582 | Temple   | Entered the Ecumenical Temple
  2639 | Temple   | Became a worshipper of Gozag Ym Sagoz the Greedy
  2751 | D:6      | Reached XP level 8. HP: 33/39 MP: 12/12
  4005 | D:1      | Learned a level 2 spell: Passwall
  4008 | D:1      | Learned a level 2 spell: Blink
  4755 | D:3      | Learned a level 2 spell: Ensorcelled Hibernation
  5279 | D:6      | Found a glowing silver altar of Zin.
  5305 | D:6      | Reached skill level 5 in Short Blades
  6004 | D:7      | Found a sacrificial altar of Ru.
  6114 | D:7      | Noticed a hornet
  6121 | D:7      | Killed a hornet
  6237 | D:7      | Found a hide-covered altar of Uskayaw.
  6758 | D:7      | Reached XP level 9. HP: 44/44 MP: 13/13
  7390 | D:8      | Reached skill level 15 in Stealth
  7504 | D:8      | Found a flagged portal.
  7531 | Bailey   | Entered a bailey
  7695 | Bailey   | Reached XP level 10. HP: 40/49 MP: 3/14
  7874 | Bailey   | Noticed a vault guard
  7874 | Bailey   | Noticed Prince Ribbit
  7880 | Bailey   | Killed Prince Ribbit
  7881 | Bailey   | Reached skill level 10 in Dodging
  7938 | Bailey   | Killed a vault guard
  8001 | Bailey   | Noticed a vault guard
  8067 | Bailey   | Killed a vault guard
  8068 | Bailey   | Reached skill level 5 in Fighting
  8177 | D:8      | Noticed Pikel
  8203 | D:8      | Killed Pikel
  9414 | D:10     | Entered Level 10 of the Dungeon
  9552 | D:9      | Reached skill level 1 in Transmutations
  9552 | D:9      | Reached skill level 1 in Earth Magic
  9572 | D:9      | Reached XP level 11. HP: 57/58 MP: 8/15
  9701 | D:10     | Found a radiant altar of Vehumet.
  9953 | D:10     | Found a bloodstained altar of Trog.
  9956 | D:10     | Found a basalt altar of Yredelemnul.
  9959 | D:10     | Found a sparkling altar of Nemelex Xobeh.
  9969 | D:10     | Found a burning altar of Makhleb.
 10049 | D:10     | Noticed a death yak
 10051 | D:10     | Found a staircase to the Lair.
 10053 | D:10     | Noticed a death yak
 10055 | D:10     | Noticed a death yak
 10056 | D:10     | Killed a death yak
 10557 | D:11     | Noticed a boulder beetle
 10821 | D:11     | Noticed a boulder beetle
 10837 | D:11     | Noticed a six-headed hydra
 10853 | D:11     | Killed a boulder beetle
 11132 | D:10     | Killed a six-headed hydra
 11295 | D:11     | Noticed a two-headed ogre
 11342 | D:11     | Killed a two-headed ogre
 11431 | D:11     | Noticed a two-headed ogre
 11442 | D:11     | Killed a two-headed ogre
 11478 | D:11     | Found a staircase to the Orcish Mines.
 11622 | D:11     | Killed a boulder beetle
 12014 | D:11     | Identified the +5 trident "Lafumo" {speed, Str+3}
 12233 | Orc:1    | Entered Level 1 of the Orcish Mines
 12281 | Orc:1    | Noticed an orc warlord
 12286 | Orc:1    | Noticed Jorgrun
 12290 | Orc:1    | Noticed an orc sorcerer
 12291 | Orc:1    | Noticed an orc knight
 12334 | D:12     | Noticed a purple ugly thing
 12335 | D:12     | Killed a purple ugly thing
 12336 | D:12     | Reached XP level 12. HP: 66/66 MP: 17/17
 12568 | D:12     | Noticed a boulder beetle
 12588 | D:12     | Killed a boulder beetle
 12589 | D:12     | Reached skill level 15 in Dodging
 12589 | D:12     | Noticed a two-headed ogre
 12595 | D:12     | Killed a two-headed ogre
 12839 | D:12     | Noticed a two-headed ogre
 12840 | D:12     | Noticed a two-headed ogre
 12841 | D:12     | Noticed a two-headed ogre
 12843 | D:12     | Killed a two-headed ogre
 12944 | D:12     | Noticed a boulder beetle
 12946 | D:12     | Killed a boulder beetle
 12947 | D:12     | Found a gate leading to a gauntlet.
 12960 | Gauntlet | Entered a Gauntlet
 12960 | Gauntlet | Found a transporter.
 13055 | Gauntlet | Found a transporter.
 13070 | Gauntlet | Found a transporter.
 13078 | Gauntlet | Found a transporter.
 13081 | Gauntlet | Noticed a blizzard demon
 13097 | Gauntlet | Found a transporter.
 13108 | Gauntlet | Noticed a hell hog
 13112 | Gauntlet | Found a transporter.
 13124 | Gauntlet | Found a transporter.
 13126 | Gauntlet | Noticed a blizzard demon
 13129 | Gauntlet | Found a transporter.
 13144 | Gauntlet | Found a transporter.
 13149 | Gauntlet | Found a transporter.
 13155 | Gauntlet | Noticed a great orb of eyes
 13164 | Gauntlet | Found a transporter.
 13169 | Gauntlet | Found a transporter.
 13182 | Gauntlet | Noticed a death scarab
 13184 | Gauntlet | Found a transporter.
 13187 | Gauntlet | Noticed a death scarab
 13189 | Gauntlet | Found a transporter.
 13228 | Gauntlet | Found a transporter.
 13271 | Gauntlet | Found a transporter.
 13273 | Gauntlet | Found a transporter.
 13320 | Gauntlet | Found a transporter.
 13376 | Gauntlet | Reached skill level 10 in Fighting
 13417 | Gauntlet | Identified the ring of Jiwivahi {Contam rElec rCorr Str+6
                  | Stlth+}
 13450 | Gauntlet | Identified the +1 cloak "Nuangeg" {Dex+2}
 13455 | Gauntlet | HP: 2/67 [death scarab (16)]
 13455 | Gauntlet | Slain by a death scarab

Illustrated notes

Levels and vault maps discovered:
D:1:      dpeg_arrival_snail, layout_loops_corners
D:2:      minmay_alternating_diamond, layout_basic, serial_corexii_hall,
          corexii_hall_statues_l, chequers_hall_statues_wall_a,
          corexii_hall_statues_deadend
D:3:      layout_loops_ring, serial_shops, nicolae_shop_crystal
D:4:      layout_rooms, serial_bayou, serial_bayou_lagoon_a,
          serial_bayou_crossing, serial_bayou_pond_e, serial_bayou_lagoon_b
D:5:      layout_basic, tso_metal_star, serial_shops, nicolae_square_shop
D:6:      layout_basic, lemuel_tele_altar, minmay_temple_entry_statues_pillars
D:7:      minmay_octagon_keep, layout_cave_pods, hangedman_ru_absence,
          mainiacjoe_overflow_concentric_impassable
D:8:      layout_basic, enter_bailey_6, uniq_pikel
D:9:      layout_gridville
D:10:     layout_cave_pools, grunt_temple_overflow_cloverleaf,
          fiery_altar_vehumet, dpeg_lair_monsters
D:11:     layout_long_grid, david_orc_2, item_on_display_a
D:12:     layout_basic, gauntlet_entry_generic, kennysheep_kite_vault
Temple:   nicolae_temple_god_jail
Orc:1:    layout_diamond_mine, uniq_jorgrun, uniq_gastronok
Gauntlet: gammafunk_gauntlet_one_two_three [nicolae_gauntlet_arena_grate_2,
          gammafunk_gauntlet_arena_hedges, gammafunk_gauntlet_arena_corners,
          gammafunk_gauntlet_arena_arrow_garden, gammafunk_gauntlet_arena_mazey,
          gammafunk_gauntlet_arena_split_diamond,
          nicolae_gauntlet_arena_t_cross, nicolae_gauntlet_arena_flowing_pool,
          nicolae_gauntlet_arena_blocks, dreamdust_gauntlet_exit_labyrinth]

Skill      XL: |  1  2  3  4  5  6  7  8  9 10 11 12 |
---------------+-------------------------------------+-----
Spellcasting   | 1 2 3 |  3.0
Dodging        | 3 4 5 7 9 12 14 15 | 15.7
Throwing       | 1 2 |  2.0
Evocations     | 1 2 3 |  3.0
Short Blades   | 3 4 6 8 |  8.0
Stealth        | 8 9 10 11 13 15 | 15.0
Hexes          | 1 3 |  3.0
Fighting       | 3 6 9 10 | 10.1
Transmutations | 1 3 |  3.0
Earth Magic    | 1 3 |  3.0

Action                     |  1- 3 |  4- 6 |  7- 9 | 10-12 || total
---------------------------+-------+-------+-------+-------++-------
  Melee: Short sword       |    53 |       |       |       ||    53
         Punch             |     1 |     1 |     8 |     5 ||    15
         Dagger            |     1 |    23 |   406 |   359 ||   789
  Throw: Boomerang         |     1 |       |    21 |       ||    22
         Dart              |       |    12 |    15 |    10 ||    37
         Throwing net      |       |       |     1 |     2 ||     3
   Cast: Confusing Touch   |       |       |    26 |    26 ||    52
         Ensorcelled Hiber |       |       |    21 |    88 ||   109
         Blink             |       |       |     1 |     2 ||     3
         Passwall          |       |       |       |    23 ||    23
         Slow              |       |       |       |     9 ||     9
 Invoke: Potion Petition   |       |       |       |     1 ||     1
  Evoke: Wand              |     1 |       |     8 |    12 ||    21
    Use: Potion            |       |       |       |     2 ||     2
         Scroll            |       |       |       |     1 ||     1
   Stab: Sleeping          |     7 |     4 |    67 |    54 ||   132
         Confused          |       |       |    21 |    21 ||    42
         Distracted        |       |       |     3 |     6 ||     9
         Held in net/web   |       |       |       |     1 ||     1
 Armour: Robe              |     2 |       |    18 |    24 ||    44
  Dodge: Dodged            |    33 |    21 |   245 |   403 ||   702

Table legend: (Time is in decaauts)
 A = Elapsed time spent in this place.
 B = Non-inter-level travel time spent in this place.
 C = Inter-level travel time spent in this place.
 D = Time resting spent in this place.
 E = Time spent auto-exploring this place.
 F = Levels seen in this place.
 G = Mean time per level.
                   A        B        C        D        E       F      G
               +--------+--------+--------+--------+--------+-----+--------+
         Total |   9135 |   8612 |    523 |   1279 |   4380 |  16 |  570.9 |
       Dungeon |   8266 |   7759 |    507 |   1052 |   4146 |  12 |  688.8 |
        Temple |     42 |     27 |     15 |      0 |     14 |   1 |   42.0 |
  Orcish Mines |     57 |     57 |      0 |      0 |     15 |   1 |   57.0 |
        Bailey |    428 |    428 |      0 |    142 |     82 |   1 |  428.0 |
      Gauntlet |    340 |    340 |      0 |     84 |    122 |   1 |  340.0 |
               +--------+--------+--------+--------+--------+-----+--------+

Top non-repeatable levels by time:
     D:5: 952 daAuts
     D:7: 945 daAuts
    D:10: 936 daAuts
    D:11: 871 daAuts
     D:6: 702 daAuts
     D:9: 639 daAuts
     D:1: 594 daAuts
     D:8: 585 daAuts
     D:4: 573 daAuts
     D:2: 514 daAuts
     D:3: 508 daAuts
    D:12: 442 daAuts
  Bailey: 428 daAuts
Gauntlet: 340 daAuts
   Orc:1: 57 daAuts
